Map: 버밀리언의 특종

Players

테라진

  • Race: Protoss Protoss
  • Spawn Location: 11:00

광물

  • Race: Terran Terran
  • Spawn Location: 11:00

VOD

Have the link to the VOD?

Description

Time

  • Played on: Aug. 19, 2017, 7:03 a.m.
  • Length: 22:02
Show
View Real Time Build Order
Export as new Build Order

테라진 Protoss 

Build Orders:  

Get SALT Encoding   

  12  0:02  Probe (Chrono Boost)  
  13  0:16  Probe (Chrono Boost)  
  14  0:31  Pylon  
  14  0:34  Probe (Chrono Boost)  
  15  1:01  Probe (Chrono Boost)  
  16  1:15  Probe (Chrono Boost)  
  16  1:18  Pylon  
  17  1:29  Probe (Chrono Boost)  
  18  1:42  Probe (Chrono Boost)  
  19  1:56  Probe (Chrono Boost)  
  19  1:59  Assimilator  
  20  2:04  Nexus  
  20  2:10  Probe (Chrono Boost)  
  21  2:24  Probe (Chrono Boost)  
  21  2:29  Pylon  
  22  2:38  Probe (Chrono Boost)  
  23  2:41  Assimilator  
  23  2:52  Probe (Chrono Boost)  
  23  2:57  Pylon  
  24  3:02  Gateway  
  24  3:06  Probe (Chrono Boost)  
  25  3:18  Pylon  
  25  3:20  Probe (Chrono Boost)  
  26  3:33  Probe (Chrono Boost)  
  27  3:40  Pylon  
  27  3:41  Pylon  
  27  3:46  Probe (Chrono Boost)  
  28  3:52  Probe (Chrono Boost)  
  29  4:06  Probe (Chrono Boost)  
  30  4:15  Cybernetics Core  
  30  4:20  Probe (Chrono Boost)  
  30  4:23  Probe (Chrono Boost)  
  32  4:37  Probe (Chrono Boost)  
  33  4:44  Probe (Chrono Boost)  
  34  4:51  Probe (Chrono Boost)  
  34  4:56  Assimilator  
  34  4:58  Probe (Chrono Boost)  
  36  5:05  Probe (Chrono Boost)  
  37  5:11  Death Council  
  37  5:12  Probe (Chrono Boost)  
  37  5:17  Assimilator  
  37  5:19  Probe (Chrono Boost)  
  38  5:26  Probe (Chrono Boost)  
  40  5:33  Probe (Chrono Boost)  
  40  5:34  Warp Gate  
  41  5:40  Probe (Chrono Boost)  
  41  5:46  Pylon  
  41  5:47  Probe (Chrono Boost)  
  43  5:54  Probe (Chrono Boost)  
  44  6:00  Pylon  
  44  6:02  Ascendant Archives  
  44  6:07  Pylon  
  44  6:35  Gateway  
  44  6:37  Pylon  
  44  6:41  Gateway  
  44  6:43  Gateway  
  44  6:44  Probe (Chrono Boost)  
  44  6:47  Forge  
  45  6:57  Probe (Chrono Boost)  
  46  7:06  Power Overwhelming (Chrono Boost)  
  46  7:09  Probe (Chrono Boost)  
  46  7:18  Gateway  
  47  7:20  Gateway  
  47  7:23  Probe  
  48  7:42  Imposing Presence (Chrono Boost)  
  48  7:51  Gateway  
  48  7:54  Gateway  
  48  8:11  Pylon, Mind Blast (Chrono Boost)  
  48  8:26  Photon Cannon  
  48  8:28  Pylon  
  48  8:30  Photon Cannon  
  48  8:32  Cloaking Module, Pylon  
  48  8:39  Ascendant x4  
  56  8:46  Photon Cannon  
  56  8:50  Pylon  
  56  8:54  Chaotic Attunement (Chrono Boost), Ascendant  
  56  8:55  Ascendant  
  60  9:17  Photon Cannon  
  60  9:20  Photon Cannon  
  60  9:26  Photon Cannon  
  60  9:33  Ascendant x2, Photon Cannon  
  60  9:35  Pylon  
  60  9:36  Ascendant  
  60  9:37  Ascendant  
  68  9:42  Pylon  
  68  9:49  Photon Cannon  
  68  9:53  Photon Cannon  
  68  10:07  Protoss Ground Weapons Level 1 (Chrono Boost)  
  68  10:11  Detect Weakness  
  68  10:19  Supplicant x4  
  76  10:25  Ascendant  
  78  10:32  Supplicant x2  
  82  10:49  Ascendant  
  84  10:51  Supplicant x2  
  84  10:52  Supplicant x2  
  72  11:22  Mothership  
  72  11:23  Ascendant  
  72  11:24  Ascendant  
  72  11:26  Supplicant x6  
  72  11:27  Supplicant x2  
  86  11:57  Ascendant x2  
  86  11:59  Supplicant x4  
  98  12:00  Supplicant x4  
  92  12:21  Supplicant x4  
  92  12:37  Supplicant x4  
  92  12:38  Supplicant x2  
  84  13:33  Supplicant x8  
  84  13:34  Supplicant x6  
  98  13:54  Ascendant x2  
  98  13:55  Ascendant x2  
  98  13:58  Supplicant x2  
  98  13:59  Supplicant x2  
  108  14:13  Supplicant x4  
  116  14:28  Pylon  
  87  14:54  Probe  
  87  14:59  Supplicant x6  
  100  15:00  Supplicant x4  
  96  15:25  Havoc  
  96  15:26  Havoc x3  
  96  15:28  Supplicant x2  
  96  15:29  Supplicant x2  
  108  15:41  Supplicant x2  
  108  15:42  Supplicant x2  
  116  15:54  Supplicant x2  
  116  15:56  Supplicant x2  
  108  16:31  Pylon  
  108  16:33  Mothership  
  96  17:24  Probe  
  96  17:27  Supplicant x8  
  96  17:28  Supplicant x8  
  127  17:41  Probe  
  108  18:26  Supplicant x6  
  108  18:27  Supplicant x6  
  108  18:28  Supplicant x4  
  124  19:13  Pylon  
  99  19:56  Havoc  
  99  19:57  Havoc x2  
  99  19:59  Supplicant x4  
  99  20:00  Supplicant x6  
  104  20:32  Supplicant x2  
  104  20:33  Supplicant x10  
  104  20:34  Supplicant x2  
  104  20:35  Supplicant x2  
  128  21:18  Supplicant x4  
  128  21:19  Supplicant x8  
  150  21:20  Supplicant x2  
Show
View Real Time Build Order
Export as new Build Order

광물 Terran 

Build Orders:  

Get SALT Encoding   

  12  0:31  SCV  
  12  0:48  SCV  
  6  1:05  SCV  
  4  1:22  SCV  
  4  1:39  SCV  
Tags
 
Add a new tag
Caveats
  • Supply blocks, unpowered buildings, or Contaminate may cause inaccurate times.
  • Supply counts are checked every 10 seconds.